 Dungeon Crawl Stone Soup version 0.19-a0-1672-g679cadd (webtiles) character file.

18069 Amciq the Cleaver (level 12, -4/110 HPs)
             Began as a Hill Orc Monk on Sept 22, 2016.
             Was a Believer of Qazlal.
             Slain by an orc warrior
             ... wielding a +0 battleaxe
              (20 damage)
             ... while paralysed by an orc sorcerer
             ... on level 2 of the Orcish Mines.
             The game lasted 00:47:58 (12184 turns).

Amciq the Cleaver (Hill Orc Monk)                  Turns: 12184, Time: 00:47:59

Health: -4/110     AC: 18    Str: 23    XL:     12   Next: 54%
Magic:  20/20      EV:  2    Int: 10    God:    Qazlal [**....]
Gold:   515        SH:  0    Dex: 14    Spells: 0 memorised, 11 levels left

rFire  . . .     SeeInvis +     t - +1 war axe
rCold  . . .     Gourm    .     v - +1 plate armour
rNeg   . . .     Faith    .     A - +0 large shield
rPois  .         Spirit   .     a - +2 helmet {SInv}
rElec  .         Dismiss  .     (no cloak)
rCorr  +         Reflect  .     (no gloves)
MR     +....     Harm     +     (no boots)
Stlth  ..........               L - amulet of harm
                                u - ring of resist corrosion
                                z - ring of protection from magic

@: paralysed, mighty, drained
A: no striking features
a: Upheaval, Renounce Religion, Convert to Beogh


You were on level 2 of the Orcish Mines.
You worshipped Qazlal.
Qazlal was pleased with you.
You were not hungry.

You visited 2 branches of the dungeon, and saw 13 of its levels.

You collected 735 gold pieces.
You spent 220 gold pieces at shops.

Inventory:

Hand Weapons
 t - a +1 war axe (weapon)
Missiles
 j - 8 tomahawks of dispersal (quivered)
Armour
 a - a +2 helmet of see invisible (worn)
 v - a +1 plate armour (worn)
 A - a +0 large shield (worn)
 P - a +2 scale mail of cold resistance
Jewellery
 f - an uncursed ring of ice
 n - an uncursed ring of protection from cold
 u - a ring of resist corrosion (right hand)
 z - a ring of protection from magic (left hand)
 L - an amulet of harm (around neck)
Wands
 o - a wand of disintegration (7/24)
 H - a wand of digging (10/24)
 K - a wand of paralysis (19/24)
Scrolls
 b - a scroll of amnesia
 d - 3 scrolls of identify
 l - a scroll of acquirement
 q - a scroll of magic mapping
 s - a scroll of enchant weapon
 y - 8 scrolls of remove curse
 M - a scroll of enchant armour
Potions
 i - 3 potions of flight
 k - 4 potions of curing
 p - 3 potions of heal wounds
 r - a potion of might
 D - 2 potions of resistance
 E - a potion of mutation {unknown}
 O - a potion of ambrosia {unknown}
 S - a potion of lignification {unknown}
Comestibles
 c - 4 bread rations
 g - a beef jerky
 h - 3 meat rations
 m - a slice of pizza
 x - 31 fruits


   Skills:
 * Level 11.0(10.4) Fighting
 * Level 12.0(11.5) Axes
 * Level 9.2(8.7) Armour
 + Level 5.8(5.3) Dodging
 - Level 3.0(2.6) Stealth
 * Level 9.0(8.5) Shields
 * Level 11.1(10.5) Invocations


You had 11 spell levels left.
You didn't know any spells.

Dungeon Overview and Level Annotations

Branches:
Dungeon (11/15)            Temple (0/1) D:6            Lair (0/6) D:8
    Orc (2/2) D:11
    Elf: Orc:2

Altars:
Cheibriados
Dithmenos
Elyvilon
Fedhas
Gozag
Hepliaklqana
Kikubaaqudgha
Makhleb
Qazlal
Sif Muna
Trog
Uskayaw
Vehumet
Xom
Zin

Shops:
D:8 !   Orc:1 [

Portals:
Labyrinth: Orc:2


Message History

The orc priest hits you from afar with a trident!
* * * LOW HITPOINT WARNING * * *
An orc comes into view.
You are too injured to fight recklessly!
You closely miss the orc warrior.
The orc warrior is severely wounded.
The orc shouts!
You hit the orc sorcerer.
The orc priest shouts, "Beogh is our master!
Accept the truth or die!"
You block the orc warrior's attack.
The orc sorcerer points at you and mumbles some strange words.
You suddenly lose the ability to move!
The orc priest hits you from afar with a trident.
* * * LOW HITPOINT WARNING * * *
An orc warrior comes into view. It is wielding a short sword.
The orc sorcerer gestures at you while chanting.
Helpless, you fail to dodge the bolt of fire.
* * * LOW HITPOINT WARNING * * *
The orc warrior hits you with a battleaxe!
You die...

................
...o............
...............#
o#..............
..o.............
..#..$..........
......o§o.......
#..§@).......
#..§.)o......
#.............
##............
#.........#..
#...........#.
##...........#
.............


You could see an orc sorcerer, 3 orc warriors, an orc priest and an orc.

Vanquished Creatures
  A stone giant (D:11)
  Fannar (D:10)
  Harold (D:10)
  Nergalle (D:10)
  A flayed ghost (D:8)
  An unseen horror (D:9)
  An orc knight (Orc:2)
  4 hill giants
  2 orc sorcerers
  2 ugly things (D:11)
  2 cyclopes
  2 trolls
  Prince Ribbit (D:5)
  A meliai zombie (D:9)
  2 hippogriffs
  A wyvern (D:11)
  5 yaks (D:10)
  5 wraiths (D:8)
  2 fire bats (D:8)
  A steam dragon (D:11)
  A hungry ghost (D:6)
  2 hell hounds (Orc:1)
  2 water moccasins
  7 orc warriors
  A necrophage (D:10)
  An eye of draining (D:9)
  A sky beast (D:8)
  2 black bears
  2 ice beasts (D:10)
  9 ogres
  2 centaurs
  A crocodile (D:11)
  A big kobold (D:8)
  8 bullfrogs
  A wyvern skeleton (D:11)
  4 scorpions
  7 killer bees (D:8)
  17 wights
  4 howler monkeys
  6 crimson imps
  A bullfrog zombie (D:9)
  2 centaur zombies
  2 quasits (D:7)
  3 jellies
  3 hounds
  11 orc wizards
  5 orc priests
  An iguana (D:9)
  Terence (D:2)
  14 worker ants
  16 adders
  A shadow imp (D:6)
  2 adder zombies
  An adder skeleton (D:5)
  2 worms
  2 dart slugs
  8 leopard geckos
  55 orcs
  18 bats
  5 giant cockroaches
  5 goblins
  7 hobgoblins
  2 jackals (D:8)
  2 quokkas
  2 frilled lizards (D:3)
  9 kobolds
  A leopard gecko skeleton (D:5)
  A quokka zombie (D:8)
  5 rats
  A plant (D:8)
304 creatures vanquished.

Notes
Turn   | Place    | Note
-------+----------+-------------------------------------------
     0 | D:1      | Amciq the Hill Orc Monk began the quest for the Orb.
     0 | D:1      | Reached XP level 1. HP: 19/19 MP: 1/1
   308 | D:1      | Reached XP level 2. HP: 24/26 MP: 2/2
   543 | D:1      | Reached skill level 1 in Armour
   729 | D:2      | Reached XP level 3. HP: 33/33 MP: 3/3
  1359 | D:2      | Found a white marble altar of Elyvilon.
  1400 | D:2      | Noticed Terence
  1408 | D:2      | Killed Terence
  1408 | D:2      | Reached XP level 4. HP: 40/40 MP: 4/4
  1412 | D:2      | Found a blossoming altar of Fedhas.
  1481 | D:2      | Found a stormy altar of Qazlal.
  1491 | D:2      | Became a worshipper of Qazlal Stormbringer
  1491 | D:2      | Reached * piety under Qazlal
  1491 | D:2      | Reached ** piety under Qazlal
  1752 | D:3      | Reached skill level 5 in Axes
  1875 | D:3      | Reached XP level 5. HP: 47/47 MP: 5/5
  2122 | D:3      | Found an opulent altar of Gozag.
  2464 | D:4      | Reached skill level 1 in Invocations
  2612 | D:4      | Reached XP level 6. HP: 25/53 MP: 7/7
  2850 | D:4      | Found an ancient bone altar of Kikubaaqudgha.
  3264 | D:5      | Entered Level 5 of the Dungeon
  3264 | D:5      | Noticed a hippogriff
  3560 | D:4      | Reached skill level 1 in Shields
  3566 | D:4      | Killed a hippogriff
  3566 | D:4      | Reached skill level 5 in Fighting
  3566 | D:4      | Reached XP level 7. HP: 36/61 MP: 7/9
  3769 | D:5      | Found a shimmering altar of Xom.
  3848 | D:5      | Reached skill level 6 in Axes
  3980 | D:5      | Found a burning altar of Makhleb.
  4136 | D:5      | Found a snail-covered altar of Cheibriados.
  4154 | D:5      | Noticed Prince Ribbit
  4170 | D:5      | Killed Prince Ribbit
  4170 | D:5      | Reached XP level 8. HP: 20/69 MP: 9/11
  4449 | D:5      | Found a bloodstained altar of Trog.
  4532 | D:6      | Reached *** piety under Qazlal
  4581 | D:6      | Reached skill level 5 in Invocations
  4612 | D:6      | Reached skill level 7 in Axes
  4767 | D:6      | Found a staircase to the Ecumenical Temple.
  4774 | D:6      | Found a shadowy altar of Dithmenos.
  5114 | D:6      | Reached skill level 5 in Armour
  5114 | D:6      | Reached XP level 9. HP: 66/78 MP: 13/13
  5607 | D:7      | Found a hide-covered altar of Uskayaw.
  5729 | D:7      | Reached skill level 8 in Axes
  6041 | D:8      | Reached skill level 5 in Shields
  6099 | D:8      | Reached **** piety under Qazlal
  6237 | D:8      | Found a radiant altar of Vehumet.
  6421 | D:8      | Found Qageroys's Distillery.
  6449 | D:8      | Found a hazy altar of Hepliaklqana.
  6545 | D:8      | Reached XP level 10. HP: 88/88 MP: 15/15
  6654 | D:8      | Reached skill level 9 in Axes
  6857 | D:8      | Found a burning altar of Makhleb.
  6872 | D:8      | Found a glowing silver altar of Zin.
  6884 | D:8      | Found a runed door.
  6888 | D:8      | Found a shadowy altar of Dithmenos.
  6891 | D:8      | Found an ancient bone altar of Kikubaaqudgha.
  6935 | D:8      | Found an ancient bone altar of Kikubaaqudgha.
  6947 | D:8      | Found a deep blue altar of Sif Muna.
  7002 | D:8      | Found a staircase to the Lair.
  7274 | D:8      | Noticed a flayed ghost
  7286 | D:8      | Killed a flayed ghost
  7433 | D:9      | Noticed an unseen horror
  7435 | D:9      | Killed an unseen horror
  7435 | D:9      | Reached skill level 10 in Axes
  7435 | D:9      | Reached XP level 11. HP: 78/97 MP: 17/17
  7801 | D:9      | Reached skill level 5 in Dodging
  7802 | D:9      | Identified 2 scrolls of acquirement
  8032 | D:10     | Entered Level 10 of the Dungeon
  8083 | D:10     | Noticed Harold
  8108 | D:10     | Killed Harold
  8278 | D:10     | Noticed a hill giant
  8280 | D:10     | Noticed Nergalle
  8291 | D:10     | Killed a hill giant
  8295 | D:10     | Killed Nergalle
  8335 | D:10     | Noticed Fannar
  8352 | D:10     | Killed Fannar
  8717 | D:10     | Noticed a hill giant
  8729 | D:10     | Killed a hill giant
  8729 | D:10     | Reached skill level 10 in Fighting
  8729 | D:10     | Reached skill level 11 in Axes
  8742 | D:10     | Reached skill level 10 in Invocations
  9145 | D:11     | Noticed a hill giant
  9161 | D:11     | Killed a hill giant
  9478 | D:11     | Noticed a cyclops
  9490 | D:11     | Killed a cyclops
  9519 | D:11     | Noticed a hill giant
  9526 | D:11     | Killed a hill giant
  9526 | D:11     | Reached XP level 12. HP: 106/106 MP: 19/19
  9840 | D:11     | Found a staircase to the Orcish Mines.
 10294 | Orc:1    | Entered Level 1 of the Orcish Mines
 10294 | Orc:1    | Noticed a stone giant
 10874 | D:11     | Killed a stone giant
 11208 | D:8      | Bought a potion of might for 40 gold pieces
 11208 | D:8      | Bought 2 potions of heal wounds for 100 gold pieces
 11208 | D:8      | Bought a potion of curing for 30 gold pieces
 11208 | D:8      | Bought a potion of heal wounds for 50 gold pieces
 11297 | Orc:1    | Noticed a soul eater
 11928 | Orc:1    | Found Akleodonwo's Antique Armour Boutique.
 11977 | Orc:2    | Entered Level 2 of the Orcish Mines
 11977 | Orc:2    | Found a labyrinth entrance.
 11992 | Orc:2    | Noticed an orc warlord
 11993 | Orc:2    | Noticed an orc high priest
 12175 | Orc:2    | Reached skill level 12 in Axes
 12183 | Orc:2    | Paralysed by an orc sorcerer for 3 turns
 12184 | Orc:2    | Slain by an orc warrior

Vault maps used:
D:1:      dpeg_arrival_concentric_ovals, minivault_24, minmay_split_cup_small
D:2:      elyvilon_altar_4, lemuel_crystal_altar, lemuel_crystal_altar,
          minmay_misc_feat_tiny, uniq_terence
D:3:      first_bread, grunt_gozag_statues
D:4:      kiku_gazebo_garden_becter, kennysheep_generic_room_6
D:5:      xom_teletrap_fun, lemuel_coloured_pillars_altar, lemuel_doored_altar,
          makhleb_heckhound_becter, uniq_prince_ribbit1
D:6:      hangedman_cross_stitches, kennysheep_mini_moat
D:7:      overflow_temple_1_default, uniq_crazy_yiuf_cottage
D:8:      due_megacathedral, overflow_temple_1_default, vehumet_crystals,
          lair_0_dummy, serial_shops, shop, blue_anna_alchemist
D:9:      hangedman_decor_growths
D:10:     kennysheep_generic_room_3, uniq_harold, uniq_fannar, uniq_nergalle
D:11:     orc_0_dummy
Orc:1:    enter_volcano_3, serial_shops, shop
Orc:2:    grunt_orc_gardens, grunt_orc_garden, grunt_orc_garden,
          grunt_orc_garden, grunt_orc_garden, lab_entry_generic

Skill      XL: |  1  2  3  4  5  6  7  8  9 10 11 12 |
---------------+-------------------------------------+-----
Armour         | 1 2 3 4 5 7 8 9 |  9.2
Fighting       | 4 5 6 7 9 10 11 | 11.0
Stealth        | 2 3 |  3.0
Axes           | 5 6 7 8 10 11 12 | 12.0
Invocations    | 1 3 4 5 7 8 10 11 | 11.1
Dodging        | 3 4 5 |  5.8
Shields        | 2 3 4 5 7 8 9 |  9.0

Action                   |  1- 3 |  4- 6 |  7- 9 | 10-12 || total
-------------------------+-------+-------+-------+-------++-------
Melee: Hand axe          |   119 |    87 |       |       ||   206
       War axe           |       |    96 |   438 |   505 ||  1039
Throw: Stone             |     1 |       |       |       ||     1
Invok: Upheaval          |       |       |     3 |    23 ||    26
  Use: Scroll            |     1 |     1 |     3 |    13 ||    18
       Potion            |     1 |       |     3 |    16 ||    20
 Stab: Sleeping          |     1 |       |       |       ||     1
  Eat: Chunk             |     1 |     6 |    13 |    15 ||    35
       Royal jelly       |       |     1 |       |     1 ||     2
       Beef jerky        |       |       |       |     1 ||     1
       Fruit             |       |       |       |     1 ||     1
Armor: Robe              |    22 |       |       |       ||    22
       Scale mail        |    22 |    24 |       |    46 ||    92
       Plate armour      |       |   117 |   239 |    60 ||   416
Dodge: Dodged            |    99 |    52 |    27 |    63 ||   241
       Deflected         |       |       |       |     1 ||     1
Block: Other             |       |    17 |       |       ||    17
       Large shield      |       |    32 |   437 |   408 ||   877
